 Dungeon Crawl Stone Soup version 0.21-a0-186-g02e8684 (webtiles) character file.

249 Lavandula the Cutter (level 6, -7/47 HPs)
             Began as a Formicid Artificer on Aug 13, 2017.
             Mangled by an ogre
             ... wielding a +0 giant club
              (30 damage)
             ... on level 5 of the Dungeon.
             The game lasted 00:09:21 (2515 turns).

Lavandula the Cutter (Formicid Artificer)           Turns: 2515, Time: 00:09:21

Health: -7/47      AC:  5    Str: 16    XL:     6   Next: 34%
Magic:  8/8        EV: 11    Int: 11    God:
Gold:   121        SH:  0    Dex: 13    Spells: 5/5 levels left

rFire    + + .     SeeInvis +   s - +2 flail (holy)
rCold    + + .     Gourm    .   (no shield)
rNeg     . . .     Faith    .   t - +0 ring mail
rPois    +         Spirit   .   (helmet unavailable)
rElec    +         Reflect  .   q - scarf {rC+ rF+}
rCorr    +         Harm     .   (no gloves)
MR       .....                  (no boots)
Stlth    +.........             m - amulet of magic regeneration
HPRegen  0.15/turn              (no ring)
MPRegen  0.36/turn              (no ring)

@: resistant
A: permanent stasis, dig shafts and tunnels, four strong arms, antennae 3
a: Dig, Shaft Self


You were on level 5 of the Dungeon.
You were very hungry.

You visited 2 branches of the dungeon, and saw 6 of its levels.

You collected 121 gold pieces.

Inventory:

Hand Weapons
 a - a +0 short sword
 j - a +0 scimitar
 s - a +2 flail of holy wrath (weapon)
Missiles
 i - 5 tomahawks (quivered)
Armour
 b - a +0 leather armour
 q - a scarf of resistance (worn)
 t - a +0 ring mail (worn)
Jewellery
 m - an amulet of magic regeneration (around neck)
Wands
 c - a wand of flame (0/48)
 d - a wand of enslavement (12/24)
 e - a wand of random effects (11/48)
Scrolls
 g - 4 scrolls of magic mapping {unknown}
 k - a scroll of enchant weapon {unknown}
 l - a scroll of amnesia {unknown}
 n - 2 scrolls of identify {unknown}
Books
 p - a book of Misfortune

   Spells                             Type                      Level
   a - Confusing Touch                Hexes                        1
   b - Confuse                        Hexes                        3
   c - Gell's Gravitas                Translocation                3
   d - Petrify                        Transmutation/Earth          4
   e - Metabolic Englaciation         Hexes/Ice                    5
   f - Yara's Violent Unravelling     Hexes/Transmutation          5
Comestibles
 f - 4 bread rations
 h - 2 meat rations
 o - a royal jelly


   Skills:
 - Level 3.5 Fighting
 - Level 3.9(4.0) Short Blades
 - Level 1.0(2.6) Long Blades
 + Level 2.4 Maces & Flails
 - Level 1.7 Dodging
 - Level 1.2 Stealth
 - Level 3.3 Evocations


You had 5 spell levels left.
You didn't know any spells.

Dungeon Overview and Level Annotations

Branches:
Dungeon (5/15)             Temple (1/1) D:4

Altars:
Ashenzari
Cheibriados
Dithmenos
Fedhas
Gozag
Nemelex Xobeh
Okawaru
Qazlal
Ru
Sif Muna
Trog
Uskayaw
Vehumet
Wu Jian
Xom
The Shining One

Annotations:
D:3 exclusion: worm


Innate Abilities, Weirdness & Mutations

You cannot be hasted, slowed, berserked, paralysed or teleported.
You can dig through walls and to a lower floor.
Your four strong arms can wield two-handed weapons with a shield.
You have a pair of large antennae on your head. (SInv)


Message History

Aiming: Random Effects
Press: ? - help, Shift-Dir - straight line, f/p - ogre
Aim: an ogre, wielding a giant club (heavily wounded)
The ogre struggles to resist.
This wand has 12 charges left.
Evoke which item? (* to show all) (? for menu, Esc to quit)
Aiming: Random Effects
Press: ? - help, Shift-Dir - straight line, f/p - ogre
Aim: an ogre, wielding a giant club (heavily wounded)
The ogre seems to speed up.
This wand has 11 charges left.
The ogre hits you with a giant club!!
Ouch! That really hurt!
It was a potion of resistance.
You feel protected. The ogre closely misses you.
Okay, then.
You hit the ogre.
The ogre is heavily wounded.
The ogre hits you with a giant club!!
Ouch! That really hurt!
You die...

#..#####....###...##...###..
#...........................
#.........................
###.......................
##......####....#........
######..##...# ##............
###....#.##<##.#####............
#..........####.##..............
##.^.^.<######..@O...............
#..^_^.## #..##<...............
...^.^.# #.# #................
#......# #. ##................
######## . .#................. #
....................
..####.##......>..... ##### ##
##............... .....#
####....##..#.#.....


You could see an ogre.

Vanquished Creatures
  Edmund (D:5)
  An orc wizard (D:5)
  An iguana (D:4)
  2 worker ants
  A hound zombie (D:5)
  A hound skeleton (D:5)
  2 adders (D:5)
  A worm (D:3)
  A dart slug (D:3)
  A leopard gecko (D:4)
  9 orcs (D:4)
  A giant cockroach (D:3)
  4 jackals (D:4)
  A kobold (D:1)
  2 quokkas (D:4)
  A quokka zombie (D:5)
  2 rats
32 creatures vanquished.

Vanquished Creatures (collateral kills)
  An orc priest (D:5)
  A worker ant (D:5)
  2 orcs (D:5)
4 creatures vanquished.

Grand Total: 36 creatures vanquished

Notes
Turn   | Place    | Note
-------+----------+-------------------------------------------
     0 | D:1      | Lavandula the Formicid Artificer began the quest for the Orb.
     0 | D:1      | Reached XP level 1. HP: 15/15 MP: 3/3
   326 | D:3      | Reached XP level 2. HP: 6/21 MP: 4/4
   458 | D:3      | Reached XP level 3. HP: 17/26 MP: 5/5
   474 | D:3      | Found a faded altar of an unknown god.
   640 | D:4      | HP: 1/26 [iguana (11)]
   641 | D:4      | Reached XP level 4. HP: 1/32 MP: 6/6
  1139 | D:4      | Reached XP level 5. HP: 19/38 MP: 7/7
  1249 | D:4      | Found a sacrificial altar of Ru.
  1250 | D:4      | Found a shadowy altar of Dithmenos.
  1250 | D:4      | Found an ornate altar of the Wu Jian Council.
  1255 | D:4      | Found a bloodstained altar of Trog.
  1294 | D:4      | Found a staircase to the Ecumenical Temple.
  1303 | Temple   | Entered the Ecumenical Temple
  1517 | D:5      | Entered Level 5 of the Dungeon
  1561 | D:5      | Reached skill level 1 in Long Blades
  1602 | D:5      | Noticed Edmund
  1647 | D:5      | Killed Edmund
  2121 | D:5      | Reached skill level 1 in Maces & Flails
  2121 | D:5      | Reached XP level 6. HP: 29/47 MP: 8/8
  2355 | D:5      | Noticed an ogre
  2447 | D:5      | Found a shimmering altar of Xom.
  2515 | D:5      | Mangled by an ogre

Vault maps used:
D:1:      dpeg_arrival_concentric_ovals
D:3:      chequers_ecumenical_altar_simple, minmay_item_behind_shaft,
          uniq_terence
D:4:      grunt_temple_overflow_open, minmay_temple_entry_junction
D:5:      first_bread, xom_teletrap_fun, uniq_edmund
Temple:   minmay_temple_curvy_loop

Skill      XL: |  1  2  3  4  5  6 |
---------------+-------------------+-----
Short Blades   | 2 3 |  3.9
Fighting       | 2 3 |  3.5
Long Blades    | 1 |  1.0
Maces & Flails | 1 2 |  2.4
Dodging        | |  1.7
Stealth        | |  1.2
Evocations     | |  3.3

Action                   |  1- 3 |  4- 6 || total
-------------------------+-------+-------++-------
Melee: Short sword       |    57 |    82 ||   139
       Scimitar          |       |     1 ||     1
       Flail             |       |     7 ||     7
Throw: Tomahawk          |       |     1 ||     1
Evoke: Wand              |     7 |    15 ||    22
  Use: Potion            |       |     3 ||     3
 Stab: Distracted        |       |     1 ||     1
  Eat: Chunk             |       |     4 ||     4
Armor: Leather armour    |     7 |     7 ||    14
       Ring mail         |       |     8 ||     8
       Skin              |       |     5 ||     5
Dodge: Dodged            |    20 |    44 ||    64
